[Event "Titled Tuesday Blitz March 28 Late 2023"]
[White "Gorodetzky, David"]
[Black "Fiorito, Francisco"]
[WhiteFideId "2813416"]
[BlackFideId "180165"]
[WhiteElo "2484"]
[BlackElo "2341"]
[Result "0-1"]
[Round "04"]
[TimeControl "180+2"]
[Date "2023.03.28"]
[WhiteClock "0:01:40"]
[BlackClock "0:00:45"]

1. f4 d5 2. Nf3 Nf6 3. g3 Bf5 4. Bg2 e6 5. d3 h6 6. O-O Nbd7 7. Qe1 Bc5+ 8. e3 O-O 9. Nbd2 Bb6 10. h3 Re8 11. Kh2 Bh7 12. e4 dxe4 13. dxe4 Nc5 14. Ne5 Qe7 15. a4 a6 16. Nec4 Ba7 17. b4 Ncd7 18. c3 Rad8 19. b5 Nc5 20. Ba3 Qd7 21. Bxc5 Bxc5 22. Nb3 Ba7 23. Nca5 axb5 24. Nxb7 Rb8 25. N7c5 Bxc5 26. Nxc5 Qc6 27. Qf2 Nxe4 28. Bxe4 Bxe4 29. Rfe1 Bd5 30. a5 b4 31. cxb4 Rxb4 32. Re2 Ra8 33. a6 Rc4 34. Ra5 Qb6 35. Rea2 Rxc5 0-1


[Site "https://www.chess.com"]

[Event "Titled Tuesday Blitz March 28 Late 2023"]
[White "Ehlvest, Jaan"]
[Black "Melkumyan, Hrant"]
[WhiteFideId "4500016"]
[BlackFideId "13302485"]
[WhiteElo "2442"]
[BlackElo "2604"]
[Result "0-1"]
[Round "04"]
[TimeControl "180+2"]
[Date "2023.03.28"]
[WhiteClock "0:00:25"]
[BlackClock "0:01:03"]

1. e4 c5 2. Nf3 Nc6 3. d4 cxd4 4. Nxd4 g6 5. c4 Nf6 6. Nc3 d6 7. f3 Nxd4 8. Qxd4 Bg7 9. Be3 O-O 10. Qd2 a5 11. b3 Be6 12. Rc1 Nd7 13. Be2 Nc5 14. O-O Bd7 15. Rcd1 Bc6 16. Kh1 Ne6 17. Rfe1 Qc7 18. Bf1 Rfc8 19. g3 Qd8 20. Bg2 Qf8 21. Nd5 Bxd5 22. exd5 Nc5 23. Bh3 Rc7 24. Qe2 b6 25. Bf2 Rb7 26. f4 Rab8 27. Bf1 Bc3 28. Qf3 Bxe1 29. Rxe1 Rc7 30. Bd4 Nd7 31. g4 b5 32. cxb5 Rc2 33. a4 Rbc8 34. Bc4 R2xc4 35. bxc4 Rxc4 36. Qe3 Rxa4 37. b6 Qa8 38. Kg1 Qxd5 39. Ba1 Ra2 40. Re2 Rxa1+ 0-1


[Site "https://www.chess.com"]

[Event "Titled Tuesday Blitz March 28 Late 2023"]
[White "Boyer, Mahel"]
[Black "Drori, Saar"]
[WhiteFideId "45102422"]
[BlackFideId "2812444"]
[WhiteElo "2439"]
[BlackElo "2322"]
[Result "1-0"]
[Round "04"]
[TimeControl "180+2"]
[Date "2023.03.28"]
[WhiteClock "0:00:13"]
[BlackClock "0:00:09"]

1. Nf3 c5 2. g3 g6 3. e3 Bg7 4. d4 Nf6 5. Bg2 O-O 6. O-O d5 7. Qe2 Nc6 8. dxc5 Qa5 9. a3 Ne4 10. Rd1 Qxc5 11. b4 Qb6 12. Ra2 Be6 13. Rb2 Bxb2 14. Bxb2 a5 15. b5 a4 16. c4 Na7 17. Bd4 Qa5 18. cxd5 Bg4 19. h3 Bxf3 20. Qxf3 Nd6 21. b6 Nab5 22. Bc5 Nc3 23. Bb4 Qxb6 24. Nxc3 Rac8 25. Bf1 Rfe8 26. Nxa4 Qa7 27. Nc3 Nc4 28. Bxc4 Rxc4 29. d6 exd6 30. Nd5 Re6 31. Nf6+ Kg7 32. Rxd6 Rxb4 33. axb4 Qa1+ 34. Kg2 Rxf6 35. Qxf6+ Qxf6 36. Rxf6 Kxf6 37. Kf3 Ke5 38. g4 Kd5 39. Kf4 f6 40. g5 f5 41. f3 Kc4 42. e4 fxe4 43. fxe4 Kxb4 44. Ke5 Kc5 45. Kf6 b5 46. e5 b4 47. e6 b3 48. e7 b2 49. e8=Q b1=Q 50. Qe5+ Kc6 51. Qe6+ Kc7 52. Qe7+ Kc6 53. Qe8+ Kd6 54. Qd8+ Kc6 55. Qc8+ Kd6 56. Qe6+ Kc7 57. Qf7+ Kd6 58. Qe7+ Kc6 59. Kg7 Qf5 60. Qf6+ Kd5 61. Qxf5+ gxf5 62. Kxh7 f4 63. g6 f3 64. g7 f2 65. g8=Q+ Ke4 66. Qg2+ Ke3 67. Qf1 Kf3 68. h4 Kg4 69. h5 Kg5 70. h6 Kh5 71. Qxf2 1-0


[Site "https://www.chess.com"]

[Event "Titled Tuesday Blitz March 28 Late 2023"]
[White "Albornoz Cabrera, Carlos Daniel"]
[Black "Koellner, Ruben Gideon"]
[WhiteFideId "3518736"]
[BlackFideId "12993093"]
[WhiteElo "2501"]
[BlackElo "2303"]
[Result "0-1"]
[Round "04"]
[TimeControl "180+2"]
[Date "2023.03.28"]
[WhiteClock "0:00:25"]
[BlackClock "0:00:15"]

1. e4 d6 2. d4 Nf6 3. Nc3 e5 4. dxe5 dxe5 5. Qxd8+ Kxd8 6. Bc4 Be6 7. Bxe6 fxe6 8. f3 Bd6 9. h4 Ke7 10. h5 h6 11. Be3 Nbd7 12. O-O-O a6 13. Nh3 b5 14. Nf2 Rhb8 15. g4 Nh7 16. Nh3 Rf8 17. Rdf1 Ndf6 18. g5 Nxh5 19. gxh6 gxh6 20. Bxh6 Ng3 21. Bxf8+ Rxf8 22. Rhg1 Nxf1 23. Rxf1 Rg8 24. Rg1 Rxg1+ 25. Nxg1 Ng5 26. Nce2 Bc5 27. Kd2 Kd6 28. Kd3 Bf2 29. b3 Kc5 30. a3 a5 31. c3 a4 32. b4+ Kd6 33. c4 c6 34. Kc3 Ke7 35. Kd3 Kf6 36. Kc3 Kg6 37. f4 Nxe4+ 38. Kd3 Nd6 39. cxb5 Nxb5 40. Nf3 exf4 41. Nxf4+ Kf5 42. Ne2 e5 43. Nd2 Nxa3 44. Nc3 Be1 45. Nde4 Nb5 46. Nxa4 Bxb4 47. Nb6 Ke6 48. Nc4 Nd6 49. Nexd6 Bxd6 50. Ke4 Bc7 51. Ne3 Kd6 52. Kd3 Kc5 53. Nd1 Kb4 54. Ne3 Bb8 55. Nc4 e4+ 56. Kd2 Kxc4 57. Ke3 c5 58. Kxe4 Kb3 59. Kd3 c4+ 60. Kd2 Kb2 61. Ke3 c3 62. Kd3 c2 63. Kc4 c1=Q+ 64. Kb4 Qc3+ 65. Kb5 Bh2 66. Ka4 Qb3+ 67. Ka5 Kc3 68. Ka6 Kc4 69. Ka7 Qb4 70. Ka8 Qb5 71. Ka7 Kc5 72. Ka8 Kc6 73. Ka7 Kc7 74. Ka8 Bg3 75. Ka7 Bd6 76. Ka8 Qb7# 0-1


[Site "https://www.chess.com"]

[Event "Titled Tuesday Blitz March 28 Late 2023"]
[White "Rastbod, Ali"]
[Black "Raja Rithvik R"]
[WhiteFideId "12567477"]
[BlackFideId "35007394"]
[WhiteElo "2211"]
[BlackElo "2402"]
[Result "1/2-1/2"]
[Round "04"]
[TimeControl "180+2"]
[Date "2023.03.28"]
[WhiteClock "0:00:11"]
[BlackClock "0:00:19"]

1. c4 g6 2. g3 Bg7 3. Bg2 c5 4. Nc3 Nc6 5. a3 e6 6. Rb1 a5 7. e4 Nge7 8. d3 O-O 9. Be3 d6 10. Nge2 f5 11. O-O Nd4 12. Bxd4 cxd4 13. Nb5 e5 14. exf5 gxf5 15. f4 Rb8 16. fxe5 dxe5 17. c5 Be6 18. Nd6 Nd5 19. Bxd5 Bxd5 20. Nxf5 Qg5 21. h4 Qd8 22. Qd2 Bc6 23. Qg5 Qxg5 24. hxg5 Rbe8 25. b4 axb4 26. axb4 Bb5 27. Nd6 Bxd3 28. Nxe8 Rxe8 29. Rbe1 Bb5 30. Rf3 e4 31. Rf4 d3 32. Kf2 dxe2 33. Rxe2 Bxe2 34. Kxe2 Bd4 35. g4 Kg7 36. Rf5 e3 37. Rd5 Re4 38. b5 Rxg4 39. c6 bxc6 40. bxc6 Bb6 41. c7 Bxc7 42. Rd7+ Kg6 43. Rxc7 Rg3 44. Ra7 Rh3 45. Re7 Rg3 46. Rxe3 Rxg5 47. Rf3 Rf5 48. Rxf5 Kxf5 49. Kf3 Kg5 50. Kg2 Kh5 51. Kh1 Kg5 52. Kg1 Kg4 53. Kh1 h6 54. Kg1 h5 55. Kh1 h4 56. Kg1 Kh3 57. Kh1 Kg3 58. Kg1 h3 59. Kh1 h2 1/2-1/2


[Site "https://www.chess.com"]

[Event "Titled Tuesday Blitz March 28 Late 2023"]
[White "Jocev, Milan"]
[Black "Smirnov, Pavel"]
[WhiteFideId "900680"]
[BlackFideId "4123425"]
[WhiteElo "2323"]
[BlackElo "2519"]
[Result "0-1"]
[Round "04"]
[TimeControl "180+2"]
[Date "2023.03.28"]
[WhiteClock "0:01:17"]
[BlackClock "0:01:43"]

1. b3 e5 2. Bb2 Nc6 3. e3 Nf6 4. Bb5 Bd6 5. Ne2 O-O 6. Ng3 Re8 7. d3 a6 8. Bxc6 dxc6 9. Nd2 Be6 10. O-O Qd7 11. Nde4 Nxe4 12. Nxe4 Bf8 13. Bxe5 Bg4 14. f3 Bxf3 15. Qxf3 Rxe5 16. Rae1 Rae8 17. Ng3 Bc5 18. Nf5 g6 19. Nh6+ Kg7 20. Ng4 Rf5 21. Qh3 h5 22. Rxf5 hxg4 0-1


[Site "https://www.chess.com"]

[Event "Titled Tuesday Blitz March 28 Late 2023"]
[White "Fiorito, Joaquin"]
[Black "Aradhya, Garg"]
[WhiteFideId "180173"]
[BlackFideId "25006746"]
[WhiteElo "2157"]
[BlackElo "2263"]
[Result "0-1"]
[Round "04"]
[TimeControl "180+2"]
[Date "2023.03.28"]
[WhiteClock "0:00:02"]
[BlackClock "0:00:20"]

1. d4 d5 2. c4 c6 3. Nf3 Nf6 4. e3 Bf5 5. Nc3 e6 6. Nh4 Be4 7. f3 Bg6 8. Qb3 Qc7 9. Bd2 Nbd7 10. Nxg6 hxg6 11. g3 Bd6 12. f4 g5 13. O-O-O gxf4 14. gxf4 g6 15. Be2 Kf8 16. Bf3 Kg7 17. h4 a5 18. Rdg1 a4 19. Qc2 a3 20. h5 axb2+ 21. Kb1 Nf8 22. hxg6 Nxg6 23. e4 dxe4 24. Nxe4 Bxf4 25. Nxf6 Kxf6 26. Bc3 Ke7 27. d5 Be5 28. dxe6 Rxh1 29. Bxh1 Bxc3 30. Qxc3 Qe5 31. Qb4+ Kf6 32. Rf1+ Kg5 33. Qd2+ Nf4 34. exf7 Rf8 35. Rg1+ Kf6 36. Rf1 Kg5 37. Rg1+ Kf6 38. Qxb2 Qxb2+ 39. Kxb2 Rxf7 40. Rf1 Ke5 41. Kc2 Rh7 42. Bf3 Rh2+ 43. Kb3 Ne6 44. Re1+ Kd6 45. Rd1+ Kc5 46. Bg4 Nd4+ 47. Ka3 Rg2 48. Bc8 b6 49. Rc1 Rf2 50. Rc3 Ne2 51. Rc2 Rf3+ 52. Kb2 Nd4 53. Rc3 Rf2+ 54. Ka3 Kd6 55. Bg4 b5 56. Bd1 c5 57. Bb3 b4+ 0-1


[Site "https://www.chess.com"]

[Event "Titled Tuesday Blitz March 28 Late 2023"]
[White "Ozates, Tuna"]
[Black "Idani, Pouya"]
[WhiteFideId "6354521"]
[BlackFideId "12510130"]
[WhiteElo "2151"]
[BlackElo "2574"]
[Result "1-0"]
[Round "04"]
[TimeControl "180+2"]
[Date "2023.03.28"]
[WhiteClock "0:01:07"]
[BlackClock "0:00:03"]

1. e4 c5 2. Nf3 d6 3. Bb5+ Bd7 4. Bxd7+ Qxd7 5. O-O Nc6 6. Qe2 g6 7. Rd1 Bg7 8. c3 e5 9. Na3 Nge7 10. Nc2 f5 11. d4 fxe4 12. Ng5 cxd4 13. cxd4 d5 14. dxe5 Qf5 15. e6 O-O 16. h4 h6 17. Nf7 Kh7 18. Nd6 Qxe6 19. Nxb7 Nf5 20. Nc5 Qf7 21. g3 Nfd4 22. Nxd4 Nxd4 23. Qf1 Rac8 24. Be3 Nf3+ 25. Kh1 d4 26. Nxe4 dxe3 27. fxe3 Rc2 28. Qh3 Rh2+ 29. Qxh2 1-0


[Site "https://www.chess.com"]

[Event "Titled Tuesday Blitz March 28 Late 2023"]
[White "Tazbir, Marcin"]
[Black "Grebeniuk, Semen"]
[WhiteFideId "1122452"]
[BlackFideId "14117509"]
[WhiteElo "2516"]
[BlackElo "2266"]
[Result "1-0"]
[Round "04"]
[TimeControl "180+2"]
[Date "2023.03.28"]
[WhiteClock "0:01:10"]
[BlackClock "0:00:05"]

1. d4 f5 2. Nc3 Nf6 3. Bg5 d5 4. Bxf6 exf6 5. e3 c6 6. Bd3 Be6 7. h4 h5 8. Nge2 g6 9. Nf4 Bf7 10. a3 Bd6 11. Nce2 Na6 12. Rc1 b5 13. a4 Nc7 14. axb5 cxb5 15. c3 O-O 16. f3 Re8 17. Kf2 Qe7 18. Qd2 a6 19. Rcg1 Qd7 20. g4 fxg4 21. fxg4 hxg4 22. Nxg6 f5 23. Ngf4 b4 24. Ng3 Re4 25. Bxe4 dxe4 26. Nge2 bxc3 27. bxc3 Rc8 28. d5 Be5 29. c4 Ne8 30. Rc1 Kh7 31. c5 Nf6 32. d6 g3+ 33. Nxg3 Ng4+ 34. Kg2 Bxf4 35. exf4 e3 36. Qd3 Qc6+ 37. Kg1 Qf3 38. Qxf5+ Bg6 39. Qd7+ Kh6 40. Rh2 Qxg3+ 41. Rg2 Qxf4 42. Qxg4 Qxg4 43. Rxg4 e2 44. Kf2 Bh5 45. Rf4 1-0


[Site "https://www.chess.com"]

[Event "Titled Tuesday Blitz March 28 Late 2023"]
[White "Krallis, Christos"]
[Black "Cori T., Deysi"]
[WhiteFideId "4298896"]
[BlackFideId "3801934"]
[WhiteElo "2243"]
[BlackElo "2292"]
[Result "0-1"]
[Round "04"]
[TimeControl "180+2"]
[Date "2023.03.28"]
[WhiteClock "0:00:05"]
[BlackClock "0:00:17"]

1. Nc3 g6 2. d4 Bg7 3. Bf4 d6 4. Qd2 c6 5. O-O-O b5 6. e4 b4 7. Nce2 a5 8. Kb1 Nd7 9. Nc1 Nb6 10. h4 h5 11. Nf3 Nf6 12. Ng5 Ba6 13. f3 Bxf1 14. Rhxf1 a4 15. Qxb4 Rb8 16. Qc3 Qd7 17. a3 O-O 18. Qd3 Qb7 19. Qc3 Nbd5 20. exd5 Nxd5 21. Bd2 c5 22. Nd3 Nxc3+ 23. Bxc3 Bxd4 24. Bxd4 cxd4 25. g4 hxg4 26. fxg4 e5 27. Rde1 Rfc8 28. Ne4 Qc6 29. Rf2 Kg7 30. h5 Rb7 31. Rh2 Rh8 32. Ree2 f6 33. Rhf2 Rf7 34. Ng3 Qc8 35. hxg6 Kxg6 36. Nf5 Qc6 37. Ka2 Rfh7 38. Re1 Rb8 39. Rh1 Qxh1 40. Nxd6 Qd5+ 41. Ka1 Qxd6 42. Rf1 Qd5 43. g5 Rh1 0-1


[Site "https://www.chess.com"]

[Event "Titled Tuesday Blitz March 28 Late 2023"]
[White "Aggelis, Nikolaos"]
[Black "Wagner, Dennis"]
[WhiteFideId "4213220"]
[BlackFideId "24650684"]
[WhiteElo "2189"]
[BlackElo "2470"]
[Result "0-1"]
[Round "04"]
[TimeControl "180+2"]
[Date "2023.03.28"]
[WhiteClock "0:00:01"]
[BlackClock "0:00:14"]

1. c4 e5 2. Nc3 Nf6 3. e3 Bb4 4. Qc2 O-O 5. Nf3 Re8 6. d3 d5 7. cxd5 Nxd5 8. Bd2 Bf8 9. Be2 Nb4 10. Qb1 Bf5 11. Ne4 c5 12. a3 Nd5 13. O-O a5 14. Rd1 Nc6 15. Ng3 Be6 16. Qc2 a4 17. Bc3 f6 18. Nd2 b5 19. Nde4 Nb6 20. Be1 Bb3 21. Qc3 Nd5 22. Qc1 Bxd1 23. Qxd1 Rc8 24. Rc1 Na5 25. Bg4 Nb3 26. Bxc8 Nxc1 27. Ba6 Qb6 28. Bxb5 Qxb5 29. Qxc1 Qxd3 30. Nxc5 Bxc5 31. Qxc5 Qd1 32. Kf1 Kh8 33. Qc6 Rd8 34. Ne2 Qd3 35. Qxa4 h6 36. Qa5 Ne7 37. Qc3 Qa6 38. b3 Rc8 39. Qd2 Qxa3 40. Ng3 Qxb3 41. Qe2 Qb1 42. h4 Rc1 43. Nh1 Nd5 44. Ng3 Nc3 45. Qd2 Qb5+ 46. Ne2 Nxe2 47. Qxe2 Qxe2+ 48. Kxe2 Rc4 49. g3 h5 50. Bd2 Ra4 51. f3 e4 52. fxe4 Rxe4 53. Kf3 Ra4 54. Bc3 Kh7 55. Bd4 Kg6 56. Bc5 Kf5 57. Bf8 g6 58. Bd6 g5 59. hxg5 fxg5 60. Be7 g4+ 61. Kf2 Ke4 62. Bg5 Ra2+ 63. Ke1 Kf3 64. Bf4 Re2+ 65. Kf1 Rc2 66. Kg1 h4 67. gxh4 g3 68. e4 Kxf4 0-1


[Site "https://www.chess.com"]

[Event "Titled Tuesday Blitz March 28 Late 2023"]
[White "Mendez Fortes, Eduardo Jesus"]
[Black "Hambleton, Aman"]
[WhiteFideId "3502376"]
[BlackFideId "2606577"]
[WhiteElo "2307"]
[BlackElo "2511"]
[Result "0-1"]
[Round "04"]
[TimeControl "180+2"]
[Date "2023.03.28"]
[WhiteClock "0:00:12"]
[BlackClock "0:00:04"]

1. e4 e6 2. d4 d5 3. Nd2 h6 4. c3 c5 5. exd5 exd5 6. Ngf3 Nf6 7. Bb5+ Bd7 8. Qe2+ Be7 9. dxc5 O-O 10. Nb3 Re8 11. O-O Bxc5 12. Qd3 Bb6 13. Bf4 Bxb5 14. Qxb5 Nc6 15. Rad1 a6 16. Qd3 Qd7 17. h3 Rad8 18. Nfd4 Ne5 19. Bxe5 Rxe5 20. Nf3 Re4 21. Nbd4 Rde8 22. Nd2 R4e5 23. N2f3 Re4 24. Nd2 R4e7 25. Nf5 Re5 26. g4 h5 27. Nf3 Re4 28. Ng3 Rf4 29. gxh5 Qxh3 30. Nd4 Ng4 31. Nf3 Qxg3+ 32. Kh1 Qh3+ 33. Kg1 Rxf3 0-1


[Site "https://www.chess.com"]

[Event "Titled Tuesday Blitz March 28 Late 2023"]
[White "Bilan, Danila"]
[Black "Adewumi, Tanitoluwa"]
[WhiteFideId "24161918"]
[BlackFideId "30966396"]
[WhiteElo "2182"]
[BlackElo "2747"]
[Result "0-1"]
[Round "04"]
[TimeControl "180+2"]
[Date "2023.03.28"]
[WhiteClock "0:00:03"]
[BlackClock "0:00:11"]

1. d4 Nf6 2. Nf3 e6 3. g3 c6 4. Bg2 d5 5. O-O Bd6 6. Nbd2 O-O 7. c4 Nbd7 8. Qc2 b6 9. e4 dxe4 10. Nxe4 Nxe4 11. Qxe4 Bb7 12. Rd1 Nf6 13. Qc2 Qe7 14. b3 c5 15. Bb2 Rfd8 16. dxc5 Bxc5 17. Ng5 Bxg2 18. Kxg2 h6 19. Ne4 Ng4 20. h3 Nf6 21. Nxf6+ gxf6 22. Qc3 Qb7+ 23. Kh2 e5 24. Qc1 Qf3 25. Rf1 Bxf2 26. Rxf2 Qxf2+ 27. Kh1 Rd2 0-1


[Site "https://www.chess.com"]

[Event "Titled Tuesday Blitz March 28 Late 2023"]
[White "Flores, Diego"]
[Black "cryptoguru02"]
[WhiteFideId "108049"]
[WhiteElo "2606"]
[BlackElo "2547"]
[Result "1-0"]
[Round "04"]
[TimeControl "180+2"]
[Date "2023.03.28"]
[WhiteClock "0:01:12"]
[BlackClock "0:00:37"]

1. c4 e6 2. d4 d5 3. Nc3 Be7 4. Nf3 Nf6 5. Bg5 h6 6. Bh4 O-O 7. Qc2 b6 8. O-O-O Bb7 9. Bxf6 Bxf6 10. e4 dxe4 11. Nxe4 Nd7 12. Bd3 Be7 13. h4 c5 14. dxc5 bxc5 15. Neg5 Qc7 16. Kb1 Rad8 17. Bh7+ Kh8 18. Bg8 Nf6 19. Bxf7 Rxf7 20. Nxf7+ Kg8 21. Nxd8 Be4 22. Rd3 Bxd8 23. Rhd1 Be7 24. Ka1 Ng4 25. Qe2 Bf5 26. Rd7 1-0


[Site "https://www.chess.com"]

[Event "Titled Tuesday Blitz March 28 Late 2023"]
[White "Rodshtein, Maxim"]
[Black "Escalona Landi, Samid Eduardo"]
[WhiteFideId "2806851"]
[BlackFideId "3937437"]
[WhiteElo "2555"]
[BlackElo "2207"]
[Result "1-0"]
[Round "04"]
[TimeControl "180+2"]
[Date "2023.03.28"]
[WhiteClock "0:00:27"]
[BlackClock "0:00:01"]

1. c4 Nf6 2. Nc3 g6 3. e4 d6 4. d4 Bg7 5. h3 O-O 6. Be3 e5 7. d5 Na6 8. Nf3 Nc5 9. Nd2 a5 10. g4 Bd7 11. Be2 c6 12. g5 Nh5 13. Bxh5 gxh5 14. Bxc5 dxc5 15. Qxh5 a4 16. a3 f5 17. Rg1 b5 18. dxc6 Be8 19. Qe2 b4 20. Nd5 bxa3 21. bxa3 Bxc6 22. Rb1 fxe4 23. Nxe4 Bxd5 24. cxd5 Qxd5 25. Rd1 Qb3 26. Rg3 Qb7 27. Rgd3 Rf4 28. Rd8+ Rxd8 29. Rxd8+ Rf8 30. Qc4+ Kh8 31. Rxf8+ Bxf8 32. Nf6 Qb1+ 33. Ke2 Qb2+ 34. Kf1 Qb1+ 35. Kg2 Qg6 36. h4 Be7 37. Ng4 Qf5 38. f3 Bf8 39. Qd5 Bg7 40. Qxc5 h6 41. gxh6 Bf8 42. Qc4 Kh7 43. Qxa4 1-0


[Site "https://www.chess.com"]

[Event "Titled Tuesday Blitz March 28 Late 2023"]
[White "Oro, Faustino"]
[Black "Remolar Gallen, Jose"]
[WhiteFideId "20000197"]
[BlackFideId "2215187"]
[WhiteElo "1984"]
[BlackElo "2223"]
[Result "1-0"]
[Round "04"]
[TimeControl "180+2"]
[Date "2023.03.28"]
[WhiteClock "0:00:13"]
[BlackClock "0:00:04"]

1. Nf3 Nf6 2. g3 g6 3. Bg2 Bg7 4. O-O O-O 5. d4 d6 6. c4 Ne4 7. Qb3 Nc6 8. e3 e5 9. Rd1 exd4 10. exd4 Bg4 11. Bf4 Re8 12. Nc3 Nxc3 13. bxc3 Na5 14. Qb4 c6 15. c5 d5 16. h3 Bxf3 17. Bxf3 b5 18. a4 a6 19. Re1 Nc4 20. Kg2 Qd7 21. Bg4 f5 22. Bf3 Rxe1 23. Rxe1 Re8 24. Ra1 h6 25. h4 Kh7 26. axb5 axb5 27. Ra6 Re6 28. Qb1 Qe7 29. h5 Qf6 30. hxg6+ Qxg6 31. Ra7 Rf6 32. Qh1 Rf7 33. Bh5 Rxa7 34. Bxg6+ Kxg6 35. Qh4 Ra2 36. g4 fxg4 37. Qxg4+ Kf7 38. Qd7+ Kg8 39. Qxc6 1-0


[Site "https://www.chess.com"]

[Event "Titled Tuesday Blitz March 28 Late 2023"]
[White "angelgab3"]
[Black "Herrera Reyes, Jose Antonio"]
[BlackFideId "2274914"]
[WhiteElo "2537"]
[BlackElo "2273"]
[Result "0-1"]
[Round "04"]
[TimeControl "180+2"]
[Date "2023.03.28"]
[WhiteClock "0:02:22"]
[BlackClock "0:02:35"]

1. e4 c5 2. Nf3 e6 3. d4 cxd4 4. Nxd4 a6 5. Bd3 Qc7 6. O-O b6 7. Qe2 Bb7 8. Re1 d6 9. c4 Be7 10. Nc3 Nd7 11. Be3 Ngf6 12. Rac1 h5 13. f3 h4 14. b4 h3 15. g3 Rc8 16. Qd2 Qb8 17. Bf1 Ne5 18. Nb1 Qa8 19. Bf2 Kf8 20. Nb3 Nxf3+ 0-1


[Site "https://www.chess.com"]

[Event "Titled Tuesday Blitz March 28 Late 2023"]
[White "Lamard, Guillaume"]
[Black "Dobre, Claudiu-Cristian"]
[WhiteFideId "600261"]
[BlackFideId "1211854"]
[WhiteElo "2413"]
[BlackElo "2207"]
[Result "1/2-1/2"]
[Round "04"]
[TimeControl "180+2"]
[Date "2023.03.28"]
[WhiteClock "0:00:08"]
[BlackClock "0:00:09"]

1. d4 f5 2. Nf3 Nf6 3. Bf4 d6 4. h3 g6 5. e3 Bg7 6. Be2 O-O 7. O-O h6 8. Bh2 Qe8 9. c4 Ne4 10. Nbd2 Nxd2 11. Qxd2 c6 12. Rfd1 Nd7 13. Rac1 Nf6 14. c5 Ne4 15. Qc2 g5 16. Bd3 d5 17. Ne5 e6 18. f3 Nf6 19. Rf1 Nd7 20. f4 gxf4 21. exf4 Nxe5 22. fxe5 Bd7 23. Bf4 Qe7 24. b4 Be8 25. Qe2 Qh4 26. Kh2 a6 27. a4 Kh8 28. Qe3 Rg8 29. Be2 Kh7 30. Rb1 Bf8 31. b5 axb5 32. axb5 cxb5 33. Bg3 Qg5 34. Qf4 Qxf4 35. Bxf4 Ra5 36. Rb2 Bc6 37. Rfb1 Be7 38. Bxb5 Bg5 39. Bxg5 Rxg5 40. Bxc6 bxc6 41. Rb7+ Rg7 42. Rxg7+ Kxg7 43. Rb6 Ra4 44. Rxc6 Rxd4 45. Rxe6 Rc4 46. c6 d4 47. Rd6 d3 48. Rd7+ Kg6 49. c7 d2 50. e6 Rxc7 51. Rxd2 Kf6 52. Re2 Re7 53. Kg3 Rxe6 54. Rxe6+ Kxe6 55. Kh4 Kf6 56. Kh5 Kg7 57. Kh4 Kg6 58. Kg3 Kg5 59. Kf3 Kg6 60. Ke3 Kg5 61. Kf3 Kg6 62. Kf4 Kf6 63. g3 Ke6 64. Ke3 Ke5 65. Kf3 Ke6 66. Kf4 Kf6 67. h4 Ke6 68. Ke3 Ke5 69. Kf3 Ke6 70. Ke2 Ke5 71. Ke3 Ke6 72. Kd4 Kd6 73. Ke3 Ke5 74. Kf3 Ke6 75. Kf4 Kf6 76. Ke3 Ke5 1/2-1/2


[Site "https://www.chess.com"]

[Event "Titled Tuesday Blitz March 28 Late 2023"]
[White "Goltsev, Dmitry"]
[Black "Hajiyev, Kanan"]
[WhiteFideId "24176710"]
[BlackFideId "13404148"]
[WhiteElo "2336"]
[BlackElo "2103"]
[Result "1-0"]
[Round "04"]
[TimeControl "180+2"]
[Date "2023.03.28"]
[WhiteClock "0:01:09"]
[BlackClock "0:00:04"]

1. e4 c6 2. d4 d5 3. Nc3 a6 4. Nf3 Bg4 5. h3 Bh5 6. e5 e6 7. Bd3 c5 8. dxc5 Bxc5 9. O-O Nc6 10. Bf4 Nd4 11. g4 Nxf3+ 12. Qxf3 Bg6 13. Rad1 Ne7 14. Bxg6 Nxg6 15. Ne4 Qc7 16. Nd6+ Bxd6 17. exd6 Qd7 18. Bg3 Rc8 19. c3 O-O 20. Rfe1 b5 21. Re3 Rc4 22. b3 Rc6 23. h4 Rfc8 24. h5 Nf8 25. g5 Rxd6 26. h6 Rdc6 27. Be5 Ng6 28. Bxg7 Nh4 29. Qf4 Nf5 30. Bd4 Qc7 31. Be5 Qe7 32. Re2 Qa7 33. Rde1 Qd7 34. Bd4 Qc7 35. Qxf5 1-0


[Site "https://www.chess.com"]

[Event "Titled Tuesday Blitz March 28 Late 2023"]
[White "Chylewski, Patryk"]
[Black "Levine, Joseph"]
[WhiteFideId "1186191"]
[BlackFideId "30940346"]
[WhiteElo "2163"]
[BlackElo "2351"]
[Result "0-1"]
[Round "04"]
[TimeControl "180+2"]
[Date "2023.03.28"]
[WhiteClock "0:00:01"]
[BlackClock "0:00:03"]

1. e4 e6 2. d4 d5 3. Nd2 c5 4. exd5 Qxd5 5. Ngf3 cxd4 6. Bc4 Qd7 7. O-O Nc6 8. Nb3 a6 9. Nbxd4 Nxd4 10. Nxd4 Qc7 11. Bb3 Bd6 12. h3 Ne7 13. Bd2 O-O 14. Re1 Rd8 15. c3 e5 16. Qf3 Rf8 17. Nc2 Kh8 18. Rad1 f5 19. Qh5 Ng8 20. Bg5 Bd7 21. Ne3 Bc6 22. Nd5 Bxd5 23. Rxd5 Nf6 24. Bxf6 Rxf6 25. Red1 Raf8 26. Qe2 e4 27. Qd2 Bc5 28. Rd8 f4 29. Rxf8+ Rxf8 30. Qe2 f3 31. Qxe4 fxg2 32. Rd2 Qg3 33. Qxg2 Bxf2+ 34. Rxf2 Qe3 35. Bc2 g6 36. h4 Rf4 37. Bb3 Rf5 38. Bc2 Rf4 39. Bb3 a5 0-1


[Site "https://www.chess.com"]

[Event "Titled Tuesday Blitz March 28 Late 2023"]
[White "Abdyzhapar, Asylbek"]
[Black "Ahn, Hongjin"]
[WhiteFideId "13800337"]
[BlackFideId "13201492"]
[WhiteElo "2323"]
[BlackElo "2182"]
[Result "1-0"]
[Round "04"]
[TimeControl "180+2"]
[Date "2023.03.28"]
[WhiteClock "0:00:50"]
[BlackClock "0:00:03"]

1. d4 Nf6 2. c4 e6 3. Nc3 Bb4 4. e3 O-O 5. Ne2 c6 6. a3 Ba5 7. Ng3 d5 8. Bd3 Nbd7 9. O-O Re8 10. e4 dxc4 11. Bxc4 e5 12. dxe5 Nxe5 13. Be2 Bb6 14. Qxd8 Rxd8 15. Bg5 Ned7 16. Nf5 h6 17. Bh4 Re8 18. Nd6 Re6 19. Rad1 Bc5 20. Nxc8 Rxc8 21. Bc4 Ree8 22. Rfe1 Ne5 23. Ba2 Nh7 24. Na4 Bf8 25. f4 Ng6 26. Bg3 b5 27. Nc3 Nf6 28. e5 Nh5 29. e6 Bc5+ 30. Kh1 f5 31. e7+ Kh7 32. Be6 Rc7 33. Bxf5 Rcxe7 34. Rxe7 Rxe7 35. Ne4 Be3 36. Bh4 Rf7 37. Nd6 Rf8 38. Be7 Rb8 39. g3 Bc5 40. Re1 b4 41. axb4 Rxb4 42. Re6 Nf6 43. Bxf6 gxf6 44. Rxf6 Rxb2 45. Rxg6 1-0


[Site "https://www.chess.com"]

[Event "Titled Tuesday Blitz March 28 Late 2023"]
[White "Karas, Marek"]
[Black "Schmakel, Sam"]
[WhiteFideId "14928558"]
[BlackFideId "2039311"]
[WhiteElo "2233"]
[BlackElo "2356"]
[Result "0-1"]
[Round "04"]
[TimeControl "180+2"]
[Date "2023.03.28"]
[WhiteClock "0:00:11"]
[BlackClock "0:00:18"]

1. d4 d5 2. c4 e6 3. Nf3 c6 4. g3 dxc4 5. Bg2 b5 6. O-O Bb7 7. a4 a6 8. e4 Nd7 9. b3 cxb3 10. Qxb3 Ngf6 11. Re1 Be7 12. Ba3 O-O 13. Bxe7 Qxe7 14. Nc3 Rab8 15. Bf1 b4 16. Nb1 c5 17. d5 exd5 18. exd5 Bxd5 19. Bc4 Bxc4 20. Qxc4 Qd6 21. Nbd2 h6 22. a5 Qc6 23. Nd4 Qd5 24. Qxd5 Nxd5 25. Nc6 Rbc8 26. Ne7+ Nxe7 27. Rxe7 Nf6 28. Nc4 Rfe8 29. Ra7 Rc6 30. Rb1 Nd5 31. Rd1 Nf6 32. Rb1 Rb8 33. Nb6 c4 34. Rxb4 c3 35. Rb1 c2 36. Rc1 Rd8 37. Ra8 Rxa8 38. Nxa8 Nd5 39. Kf1 Nb4 40. Ke2 Na2 41. Kd2 Nxc1 42. Kxc1 Rc5 43. Nb6 Rxa5 44. Kxc2 Ra2+ 45. Kd3 Rxf2 46. Ke4 Rxh2 0-1


[Site "https://www.chess.com"]